 Dungeon Crawl Stone Soup version 0.29.1-12-g30fa7ad0bf (webtiles) character file.

Game seed: 6836201513176415504

580 naix the Chopper (level 7, -3/61 HPs)
             Began as a Minotaur Fighter on Jan 18, 2023.
             Killed by nerve-wracking pain
             ... invoked by a shadow imp
              (10 damage)
             ... on level 5 of the Dungeon.
             The game lasted 00:29:33 (3420 turns).

naix the Chopper (Minotaur Fighter)                 Turns: 3420, Time: 00:29:34

Health: -3/61      AC: 10    Str: 21    XL:     7   Next: 13%
Magic:  7/7        EV: 10    Int:  5    God:
Gold:   35         SH:  5    Dex: 11    Spells: 8/8 levels left

rFire   . . .      SeeInvis .   a - +0 war axe
rCold   . . .      Faith    .   c - +0 buckler
rNeg    . . .      Spirit   .   b - +0 scale mail
rPois   .          Reflect  .   p - +2 hat
rElec   .          Harm     .   (no cloak)
rCorr   .          Rampage  .   (no gloves)
Will    .....                   s - +0 pair of boots
Stlth   ..........              (no amulet)
HPRegen 0.20/turn               (no ring)
MPRegen 0.10/turn               (no ring)

@: mighty
A: horns 2, retaliatory headbutt
a: no special abilities


You were on level 5 of the Dungeon.
You visited 1 branch of the dungeon, and saw 5 of its levels.

You collected 211 gold pieces.
You spent 176 gold pieces at shops.

Inventory:

Hand Weapons
 a - a +0 war axe (weapon)
Armour
 b - a +0 scale mail (worn)
 c - a +0 buckler (worn)
 n - an orb of guile
 p - a +2 hat (worn)
 s - a +0 pair of boots (worn)
Jewellery
 r - a ring of wizardry
Scrolls
 e - a scroll of identify
 f - a scroll of butterflies
 g - 2 scrolls of poison
 h - 3 scrolls of noise
 i - 3 scrolls of teleportation
 k - 2 scrolls of immolation {unknown}
 m - a scroll of enchant weapon {unknown}
Potions
 j - a potion of attraction {unknown}
 l - 2 potions of magic
 q - 2 potions of heal wounds {unknown}


   Skills:
 + Level 5.1 Fighting
 * Level 5.8 Axes
 + Level 5.1 Armour
 - Level 1.8 Dodging
 + Level 5.1 Shields
 + Level 1.2 Spellcasting


You had 8 spell levels left.
You didn't know any spells.
Your spell library contained the following spells:

 Spells                   Type           Power      Damage    Failure   Level
 Freeze                   Ice            0%         1d3       85%         1
 Shock                    Conj/Air       0%         1d3       85%         1
 Ensorcelled Hibernation  Hex/Ice        0%         N/A       94%         2
 Passwall                 Tmut/Erth      0%         N/A       94%         2
 Frozen Ramparts          Ice            0%         1d1       99%         3
 Swiftness                Air            0%         N/A       99%         3
 Airstrike                Air            0%         2d(0-16)  100%        4
 Hailstorm                Conj/Ice       0%         3d3       100%        4


Dungeon Overview and Level Annotations

Branches:
Dungeon (5/15)
 Temple: D:4-7

Altars:
Wu Jian
Yredelemnul

Shops:
D:3 [


Innate Abilities, Weirdness & Mutations

You have a pair of horns on your head.
You reflexively headbutt those who attack you in melee.


Message History

You slash the troll!
The troll is moderately wounded.
You slash the jelly!
Your hands burn!
You slash the hound!
You kill the hound!
You barely miss the kobold brigand.
The kobold brigand hits you but does no damage.
The troll closely misses you. You furiously retaliate!
You headbutt the troll.
The troll barely misses you. x2; The jelly closely misses you.
You barely miss the troll.
The troll is moderately wounded.
You closely miss the kobold brigand. You barely miss the jelly.
The kobold brigand hits you with a +0 club.
The jelly hits you but does no damage. The troll bites you but does no damage.
The troll closely misses you. The troll claws you!
You feel better. The jelly barely misses you. You furiously retaliate!
You headbutt the jelly. The kobold brigand closely misses you.
The shadow imp hits you but does no damage.
The troll bites you. The troll barely misses you. x2
You feel very mighty all of a sudden. The jelly hits you but does no damage.
You block the kobold brigand's attack. The shadow imp gestures at you.
Pain shoots through your body!
* * * LOW HITPOINT WARNING * * *
You block the troll's attack. The troll claws you!
* * * LOW HITPOINT WARNING * * *
The troll claws you but does no damage.
You slash the troll! Your headbutt misses the troll.
The troll is heavily wounded.
You slash the jelly!
You kill the jelly!
You closely miss the shadow imp. You barely miss the kobold brigand.
The troll bites you but does no damage. You block the troll's attack.
The troll barely misses you. You block the shadow imp's attack.
The kobold brigand hits you but does no damage.
You slash the troll! Your headbutt misses the troll.
The troll is almost dead.
You closely miss the shadow imp. You barely miss the kobold brigand.
The shadow imp gestures at you. Pain shoots through your body!
You die...

§○#§☼§..# §#§§☼..
§☼§§.. §§§. .8 §.. ..
....###.#####.### #.#
..#.......#☼☼○K§#....
.....#....#§§5@§#...#
......##§○§§T§○§☼§§§§
#...>§☼☼#§§§§§#☼§###
####....☼..#§☼☼§§# ☼##
........##.###§###..○☼
#.........§§†....#§#
#....#.#..###..#.# #
.....#..#.#..# #...#
#### #..#.##.# ##...


You could see a troll, a kobold brigand and a shadow imp.

Vanquished Creatures
  A water moccasin (D:5)
  A phantom (D:4)
  A scorpion (D:5)
  3 hounds
  A jelly (D:5)
  2 iguanas
  8 adders
  2 dart slugs
  8 orcs
  10 endoplasms
  A giant cockroach (D:4)
  3 goblins
  4 hobgoblins
  7 kobolds
  4 quokkas
  4 ball pythons
  7 bats
  3 frilled lizards
  24 rats
94 creatures vanquished.

Vanquished Creatures (others)
  5 plants (D:1)
5 creatures vanquished.

Grand Total: 99 creatures vanquished

Notes
Turn   | Place    | Note
-------+----------+-------------------------------------------
     0 | D:1      | naix the Minotaur Fighter began the quest for the Orb.
     0 | D:1      | Reached XP level 1. HP: 19/19 MP: 0/0
   232 | D:1      | Reached XP level 2. HP: 23/27 MP: 1/1
   635 | D:1      | Reached skill level 1 in Dodging
  1042 | D:2      | Found a basalt altar of Yredelemnul.
  1052 | D:2      | Reached XP level 3. HP: 23/33 MP: 2/2
  1281 | D:2      | Reached XP level 4. HP: 40/40 MP: 3/3
  1308 | D:2      | Found a faded altar of an unknown god.
  1705 | D:3      | Found an ornate altar of the Wu Jian Council.
  1763 | D:3      | Reached XP level 5. HP: 46/46 MP: 4/4
  1917 | D:3      | Found Jeeluirgh's Armour Boutique.
  1923 | D:3      | Bought a +2 hat for 176 gold pieces
  2437 | D:4      | Noticed a phantom
  2444 | D:4      | Killed a phantom
  2636 | D:4      | Reached XP level 6. HP: 25/53 MP: 4/6
  2832 | D:4      | Reached skill level 5 in Axes
  3234 | D:5      | Entered Level 5 of the Dungeon
  3249 | D:5      | Noticed a water moccasin
  3261 | D:5      | Killed a water moccasin
  3262 | D:5      | Reached skill level 5 in Shields
  3262 | D:5      | Reached skill level 1 in Spellcasting
  3375 | D:5      | Reached skill level 5 in Armour
  3380 | D:5      | Reached skill level 5 in Fighting
  3380 | D:5      | Reached XP level 7. HP: 56/61 MP: 7/7
  3410 | D:5      | Noticed a troll
  3420 | D:5      | Killed from afar by a shadow imp

Illustrated notes

Levels and vault maps discovered:
D:1:      nicolae_arrival_somewhat_less_tricky_arrival, layout_loops_cross,
          serial_forest, infiniplex_forest_end_double,
          infiniplex_forest_corner_2, infiniplex_forest_clump_medium,
          infiniplex_forest_lined_corner, infiniplex_forest_end_3,
          infiniplex_forest_straight_4, infiniplex_forest_clump_small,
          infiniplex_forest_pool, nrook_mini_vaults
D:2:      layout_rooms, basic_altar, ebering_ecumenical_altar_rust,
          serial_park_tiny_pond, minmay_rat_hole
D:3:      layout_loops_ring, general_overflow_altar, serial_shops,
          nicolae_shop_behind_doors
D:4:      layout_basic
D:5:      layout_basic, lemuel_doored_altar, minitemple,
          minmay_chambers_of_fives, uniq_eustachio, uniq_sigmund

Skill      XL: |  1  2  3  4  5  6 |
---------------+-------------------+-----
Axes           | 3 4 5 |  5.8
Dodging        | 1 |  1.8
Shields        | 4 5 |  5.1
Armour         | 4 5 |  5.1
Fighting       | 4 5 |  5.1
Spellcasting   | 1 |  1.2

Action                   |  1- 3 |  4- 6 |  7- 9 || total
-------------------------+-------+-------+-------++-------
Melee: War axe           |    89 |   115 |     6 ||   210
       Headbutt          |    21 |    15 |       ||    36
  Use: Potion            |       |     2 |     2 ||     4
       Scroll            |       |     6 |     1 ||     7
Armor: Scale mail        |    32 |    56 |    12 ||   100
Dodge: Dodged            |    28 |    55 |    15 ||    98
Block: Buckler           |    13 |    25 |     6 ||    44
